 Dungeon Crawl Stone Soup version 0.31-a0-237-g2d982f9f85 (webtiles) character file.

Game seed: 11978329872852867175

7 qw the Shooter (level 1, 0/16 HPs)
             Began as a Minotaur Hexslinger on July 10, 2023.
             Slain by a quokka (3 damage)
             ... on level 1 of the Dungeon.
             The game lasted 00:00:05 (122 turns).

qw the Shooter (Minotaur Hexslinger)                 Turns: 122, Time: 00:00:05

Health: 0/16       AC:  2    Str: 12    XL:     1   Next: 83%
Magic:  1/1        EV: 12    Int: 10    God:
Gold:   8          SH:  0    Dex: 12    Spells: 1/2 levels left

rFire   . . .        a - +1 sling
rCold   . . .        (no shield)
rNeg    . . .        c - +0 robe
rPois   .            (helmet restricted)
rElec   .            (no cloak)
rCorr   .            (no gloves)
SInv    .            (no boots)
Will    .....        (no amulet)
Stlth   +            (no ring)
HPRegen 0.22/turn    (no ring)
MPRegen 0.07/turn

%: no passive effects
@: no status effects
A: horns 2, retaliatory headbutt
a: no special abilities


You were on level 1 of the Dungeon.
You visited 1 branch of the dungeon, and saw 1 of its levels.

You collected 8 gold pieces.


Innate Abilities, Weirdness & Mutations

You have a pair of horns on your head.
You reflexively headbutt those who attack you in melee.


   Skills:
 - Level 1.2 Fighting
 + Level 2.9 Ranged Weapons
 - Level 2.1 Dodging
 - Level 1.0 Spellcasting
 - Level 2.0 Hexes


You had one spell level left.
You knew the following spells:

 Your Spells              Type           Power      Damage    Failure   Level
a - Slow                  Hex            16%        N/A       16%         1

Your spell library contained the following spells:

 Spells                   Type           Power      Damage    Failure   Level
 Inner Flame              Hex/Fire       2%         N/A       56%         3
 Portal Projectile        Hex/Tloc       4%         N/A       56%         3
 Cause Fear               Hex            2%         N/A       83%         4

Inventory:

Hand Weapons
 a - a +1 sling (weapon)
Armour
 c - a +0 robe (worn)
 e - a +0 ring mail
Jewellery
 g - a ring of positive energy
Scrolls
 b - a scroll of poison
 d - a scroll of identify {unknown}
 f - a scroll of butterflies {unknown}

Dungeon Overview and Level Annotations

Branches:
Dungeon (1/15)

Altars:

Shops:
D:1 (


Message History

You shoot a sling bullet. The sling bullet hits the bat.
The bat is moderately wounded.
The bat completely misses you.
You shoot a sling bullet. The sling bullet barely misses the bat.
The bat misses you. The bat closely misses you.
You shoot a sling bullet. The sling bullet misses the bat.
The bat misses you. You furiously retaliate!
You headbutt the bat!
You kill the bat!
A quokka comes into view.
Enter note: You shoot a sling bullet.
The sling bullet hits the quokka.
The quokka is lightly wounded.
You shoot a sling bullet. The sling bullet hits the quokka.
The quokka is heavily wounded.
You shoot a sling bullet.
The sling bullet closely misses the quokka.
The quokka bites you.
You shoot a sling bullet.
The sling bullet barely misses the quokka.
The quokka closely misses you.
The quokka bites you but does no damage.
You shoot a sling bullet.
The sling bullet closely misses the quokka.
The quokka bites you.
You shoot a sling bullet.
The sling bullet closely misses the quokka.
The quokka bites you. x2
You shoot a sling bullet.
The sling bullet closely misses the quokka.
The quokka barely misses you.
You shoot a sling bullet. The sling bullet misses the quokka.
The quokka bites you. The quokka barely misses you.
You shoot a sling bullet. The sling bullet hits the quokka.
The quokka is severely wounded.
The quokka bites you.
You shoot a sling bullet.
The sling bullet closely misses the quokka.
The quokka barely misses you. You furiously retaliate!
You headbutt the quokka. The quokka bites you.
You die...

#..........#####
#...\.#.##
#......####.....##
####..#..# #......#
#.###..#########.##.#
#......# #.#
#.........##.##.##
######## #.#
#.~~~~~~~.##...... #+#
#.~.....~.######..
#.~..........#..>.
#.~..~~~~~~~...###
#@~..~<....~..?#
......r.~.:...~..~...#
.....##.~~~~~~~..~..##
#### #........).~..#
####.~.....~.##
#.~~~~~~~.#
#.........#
..#######.## #. ..#


You could see a quokka.

Vanquished Creatures
  2 bats (D:1)
  A giant cockroach (D:1)
  A goblin (D:1)
  A frilled lizard (D:1)
  A kobold (D:1)
  A rat (D:1)
7 creatures vanquished.

Notes
Turn   | Place    | Note
-------+----------+-------------------------------------------
     0 | D:1      | qw the Minotaur Hexslinger began the quest for the Orb.
     0 | D:1      | Reached XP level 1. HP: 16/16 MP: 1/1
     0 | D:1      | 0 ||| qw: Version: 0.3-a-52-g30416fa
     0 | D:1      | 0 ||| qw: Game counter: 5293
     0 | D:1      | 0 ||| qw: Melee chars always use a shield: true
     0 | D:1      | 0 ||| qw: God list: Okawaru
     0 | D:1      | 0 ||| qw: Allow faded altars: false
     0 | D:1      | 0 ||| qw: Do Orc after clearing Dungeon:15 true
     0 | D:1      | 0 ||| qw: Do second Lair branch before Depths: true
     0 | D:1      | 0 ||| qw: Lair rune preference: random
     0 | D:1      | 0 ||| qw: Goals: Normal
     0 | D:1      | 0 ||| PLANNING D:1-11
    22 | D:1      | Found Yseumi's Weapon Shop.
    26 | D:1      | 26 ||| SHOPLISTING +4 shortbow of the Wilderness {flame,
                  | rPois Str+3 Dex-2} (503 gold, have 0).
   121 | D:1      | HP: 3/16 [quokka (2)]
   122 | D:1      | Slain by a quokka

Levels and vault maps discovered:
D:1:      ebering_hopf_link, layout_basic, serial_shops, shop

Action                     || total
---------------------------++-------
   Fire: Sling             ||    27
 Armour: Robe              ||     2
  Dodge: Dodged            ||     9

Table legend:
 A = Non-vault XP
 B = Vault XP
 C = Vault XP percentage of total XP
 D = Non-vault monster count
 E = Vault monster count
 F = Vault count percentage of total count
                 A         B        C        D         E       F
            +---------+---------+-------+---------+---------+-------
      Total |      10 |       0 |   0.0 |       7 |       0 |   0.0
            +---------+---------+-------+---------+---------+-------
        D:1 |      10 |       0 |   0.0 |       7 |       0 |   0.0
            +---------+---------+-------+---------+---------+-------
